 Dungeon Crawl Stone Soup version 0.20-b1-2-gc5a9893 (webtiles) character file.

81 KeyserSoze the Sneak (level 4, -1/23 HPs)
             Began as a Vine Stalker Assassin on May 22, 2017.
             Was an Initiate of Ashenzari.
             Slain by Trampli's ghost (2 damage)
             ... on level 3 of the Dungeon.
             The game lasted 00:19:53 (2656 turns).

KeyserSoze the Sneak (Vine Stalker Assassin)        Turns: 2656, Time: 00:19:53

Health: -1/23      AC:  4    Str: 14    XL:     4   Next: 40%
Magic:  0/5        EV: 11    Int: 11    God:    Ashenzari [......]
Gold:   74         SH:  0    Dex: 16    Spells: 3/3 levels left

rFire    . . .     SeeInvis .   b - +1 blowgun (curse)
rCold    . . .     Gourm    .   (no shield)
rNeg     . . .     Faith    .   q - +0 leather armour
rPois    .         Spirit   +   (no helmet)
rElec    .         Reflect  .   d - +0 cloak
rCorr    .         Harm     .   (no gloves)
MR       .....                  (no boots)
Stlth    +++.......             (no amulet)
Regen    0.5/turn               (no ring)
MPRegen  0.1/turn               (no ring)

@: no status effects
A: fangs 2, regeneration 1, magic shield, antimagic bite, no potion heal 3, rot
immunity
a: Curse Item, Renounce Religion


You were on level 3 of the Dungeon.
You worshipped Ashenzari.
Ashenzari was noncommittal.
You were hungry.

You visited 1 branch of the dungeon, and saw 3 of its levels.

You collected 74 gold pieces.

Inventory:

Hand Weapons
 a - a +2 dagger
 b - a cursed +1 blowgun (weapon)
 j - a +0 dagger
 s - a +0 rapier
 w - a +0 quarterstaff
Missiles
 e - 16 poisoned needles (quivered)
 p - a curare-tipped needle
 v - 45 bolts
Armour
 c - a +0 robe
 d - a +0 cloak (worn)
 f - a +0 scale mail
 q - a +0 leather armour (worn)
Scrolls
 h - a scroll of remove curse
 k - a scroll of magic mapping {unknown}
 u - a scroll of amnesia
 x - a scroll of identify
Potions
 i - a potion of brilliance {unknown}
 l - a potion of agility {unknown}
 m - 2 potions of might {unknown}
 n - a potion of degeneration {unknown}
 o - a potion of berserk rage {unknown}
Comestibles
 g - 3 bread rations
 r - a royal jelly
 t - a chunk of flesh


   Skills:
 + Level 2.2 Fighting
 + Level 2.2 Short Blades
 + Level 2.6 Throwing
 + Level 0.4 Armour
 + Level 1.0 Dodging
 + Level 5.6 Stealth


You had 3 spell levels left.
You didn't know any spells.

Dungeon Overview and Level Annotations

Branches:
Dungeon (3/15)

Altars:
Ashenzari

Annotations:
D:3 Trampli's ghost, amateur SpAs


Innate Abilities, Weirdness & Mutations

You have extremely sharp teeth.
Your natural rate of healing is unusually fast.
When hurt, damage is shared between your health and your magic reserves.
Your bite disrupts and absorbs the magic of your enemies.
Potions cannot restore your health.
You are immune to rotting.


Message History

You swing at nothing.
You feel sick. The adder misses you. Trampli's ghost closely misses you.
The adder closely misses you.
Trampli's ghost hits you but does no damage.
The adder bites you but does no damage.
You feel sick. Trampli's ghost hits you.
* * * LOW HITPOINT WARNING * * *
The adder bites you.
* * * LOW HITPOINT WARNING * * *
Trampli's ghost hits you.
* * * LOW HITPOINT WARNING * * *
You feel sick. The adder barely misses you. Trampli's ghost hits you.
* * * LOW HITPOINT WARNING * * *
* * * LOW HITPOINT WARNING * * *
You feel sick.
You are no longer poisoned.
Trampli's ghost hits you.
You die...

#.# #.#.# . #.# #.#.# .
#.###.#.#######
#..........>...
#.....#.###.###
#.##.....#........
#........#####.###
############..........#..
#.......@WS...........#..
##.##########.........#..
#.# #............
#.#################.....
#.............# #.#.##
#####.....##.######.#.#
#...............#.#
#..............<#.##
#........#######....


You could see Trampli's ghost and an adder.

Vanquished Creatures
  2 adders (D:2)
  A worm (D:1)
  2 dart slugs
  2 leopard geckos
  2 ball pythons (D:1)
  4 bats
  3 giant cockroaches
  7 goblins
  5 hobgoblins
  7 jackals (D:1)
  3 frilled lizards
  5 kobolds
  8 rats
51 creatures vanquished.

Notes
Turn   | Place    | Note
-------+----------+-------------------------------------------
     0 | D:1      | KeyserSoze the Vine Stalker Assassin began the quest for the Orb.
     0 | D:1      | Reached XP level 1. HP: 11/11 MP: 2/2
   192 | D:1      | Reached skill level 5 in Stealth
   246 | D:1      | Reached XP level 2. HP: 8/15 MP: 3/3
   639 | D:1      | Reached XP level 3. HP: 15/18 MP: 4/4
  1803 | D:2      | Gained mutation: Your natural rate of healing is unusually fast. [Vine Stalker growth]
  1803 | D:2      | Reached XP level 4. HP: 20/23 MP: 5/5
  1853 | D:2      | Found a shattered altar of Ashenzari.
  1990 | D:2      | Became a worshipper of Ashenzari the Shackled
  2492 | D:3      | Reached skill level 1 in Dodging
  2611 | D:3      | Noticed Trampli's ghost (amateur SpAs)
  2652 | D:3      | HP: 1/23 [poisoned by an adder]
  2656 | D:3      | Slain by Trampli's ghost

Skill      XL: |  1  2  3  4 |
---------------+-------------+-----
Stealth        | 5 |  5.6
Throwing       | 2 |  2.6
Short Blades   | 2 |  2.2
Fighting       | 2 |  2.2
Dodging        | 1 |  1.0
Armour         | |  0.4

Action                   |  1- 3 |  4- 6 || total
-------------------------+-------+-------++-------
Melee: Dagger            |    65 |     7 ||    72
       Bite              |    18 |    29 ||    47
       Blowgun           |       |    77 ||    77
 Fire: Blowgun           |    45 |     8 ||    53
Invok: Curse Item        |       |     1 ||     1
  Use: Scroll            |       |     3 ||     3
 Stab: Sleeping          |       |     1 ||     1
  Eat: Chunk             |     3 |     2 ||     5
Armor: Robe              |     8 |       ||     8
       Leather armour    |    23 |    38 ||    61
       Scale mail        |     9 |       ||     9
Dodge: Dodged            |    52 |    83 ||   135
